Map: Romanticide LE

Players

DisK - Winner!

  • Race: Protoss Protoss

MaSa

  • Race: Terran Terran

Event: DreamHack SC2 Masters 2021 Winter

VOD

Have the link to the VOD?

Description

Time

  • Played on: Oct. 14, 2021, 5:03 p.m.
  • Length: 7:11

All games in this series

Show
View Real Time Build Order
Export as new Build Order

DisK Protoss - Winner!

Build Orders: Blink Stalkers 

Get SALT Encoding   

  12  0:00  Probe  
  13  0:12  Probe  
  14  0:17  Pylon  
  14  0:24  Probe  
  15  0:36  Gateway  
  15  0:37  Probe (Chrono Boost)  
  16  0:46  Probe (Chrono Boost)  
  16  0:47  Assimilator  
  17  0:51  Probe (Chrono Boost)  
  18  1:03  Probe  
  19  1:15  Probe  
  20  1:22  Cybernetics Core  
  20  1:23  Zealot  
  22  1:35  Pylon  
  23  1:45  Nexus  
  22  1:50  Probe  
  23  1:55  Assimilator  
  23  1:57  Adept (Chrono Boost)  
  24  2:12  Shield Battery  
  24  2:20  Stalker, Probe  
  27  2:36  Probe (Chrono Boost)  
  28  2:39  Warp Gate  
  28  2:45  Probe (Chrono Boost)  
  28  2:49  Twilight Council  
  29  2:51  Probe  
  29  2:57  Probe  
  31  3:04  Probe  
  32  3:06  Stalker  
  34  3:21  Probe  
  34  3:25  Gateway  
  34  3:29  Blink (Chrono Boost)  
  34  3:31  Probe (Chrono Boost)  
  34  3:34  Probe (Chrono Boost)  
  37  3:42  Probe (Chrono Boost)  
  37  3:43  Probe (Chrono Boost)  
  37  3:44  Gateway  
  37  3:46  Probe (Chrono Boost)  
  39  3:50  Probe  
  40  3:57  Robotics Facility, Probe  
  40  3:58  Pylon  
  40  4:02  Probe  
  43  4:10  Probe  
  43  4:11  Gateway  
  43  4:14  Probe  
  43  4:15  Assimilator  
  42  4:23  Probe  
  43  4:26  Stalker, Probe  
  43  4:28  Stalker  
  48  4:35  Probe  
  48  4:38  Probe  
  50  4:40  Stalker  
  50  4:45  Pylon  
  52  4:51  Probe, Pylon  
  53  5:00  Warp Prism (Chrono Boost)  
  53  5:05  Stalker x2  
  59  5:09  Stalker  
  59  5:13  Stalker  
  63  5:18  Pylon  
  63  5:28  Stalker x2  
  63  5:32  Shield Battery  
  61  5:37  Stalker x2  
  61  5:41  Shield Battery  
  65  5:44  Observer  
  66  5:50  Pylon  
  66  5:56  Pylon  
  64  6:01  Stalker x2  
  64  6:02  Stalker x2  
  72  6:08  Observer  
  72  6:10  Probe x2  
  69  6:30  Stalker x4  
  69  6:48  Nexus  
  69  6:53  Stalker x3  
  75  6:55  Stalker  
Show
View Real Time Build Order
Export as new Build Order

MaSa Terran 

Build Orders:  

Get SALT Encoding   

  12  0:01  SCV  
  13  0:13  SCV  
  14  0:17  Supply Depot  
  14  0:25  SCV  
  15  0:39  SCV  
  15  0:40  Barracks  
  16  0:45  Refinery  
  16  0:50  Refinery  
  16  0:55  SCV  
  17  1:07  SCV  
  18  1:19  SCV  
  19  1:27  Reaper  
  19  1:31  Orbital Command  
  20  1:42  Factory  
  20  1:44  Supply Depot  
  20  1:56  Bunker  
  20  1:57  SCV  
  21  2:09  SCV  
  22  2:19  Barracks Reactor  
  22  2:21  SCV  
  23  2:26  Command Center  
  23  2:32  Widow Mine  
  23  2:34  SCV  
  26  2:46  Barracks  
  26  2:47  SCV  
  27  2:52  Supply Depot  
  27  2:55  Marine x2  
  27  2:57  Factory Tech Lab  
  29  3:00  SCV  
  30  3:12  Barracks  
  30  3:13  Marine  
  30  3:14  Marine  
  31  3:23  Siege Tank  
  31  3:24  SCV  
  34  3:32  Marine x2  
  36  3:34  Barracks Tech Lab  
  36  3:39  SCV  
  37  3:51  SCV, Marine  
  39  3:58  Stimpack  
  39  3:59  Barracks Tech Lab  
  39  4:09  SCV, Siege Tank, Marine x3  
  46  4:16  Orbital Command  
  46  4:18  Marine  
  47  4:27  SCV, Marine x2  
  47  4:28  Marine  
  51  4:33  Supply Depot  
  51  4:38  Engineering Bay  
  51  4:42  Combat Shield  
  51  4:44  Marine  
  52  4:46  Marine  
  52  4:49  SCV  
  54  4:54  Marine x2  
  54  4:55  SCV  
  57  5:01  SCV  
  57  5:02  Marine  
  57  5:04  Supply Depot  
  57  5:05  Marine  
  60  5:12  SCV, Marine  
  62  5:23  Marine  
  62  5:25  SCV, Marine  
  62  5:26  Siege Tank  
  62  5:29  Marine  
  62  5:30  Marine  
  64  5:42  SCV x2  
  63  5:45  Marauder  
  63  5:46  Starport  
  64  5:54  Supply Depot, SCV  
  63  5:58  Siege Tank  
  63  6:01  SCV  
  63  6:03  Marine x2  
  63  6:04  Refinery  
  69  6:06  SCV  
  70  6:13  Marauder  
  70  6:15  Supply Depot, SCV  
  63  6:27  SCV x2  
  62  6:33  Marine  
  62  6:34  Marauder  
  62  6:39  SCV  
  58  6:41  Marauder, Marine  
  58  6:42  SCV  
  61  6:51  Marine  
  61  6:52  SCV  

Tags
 
Add a new tag
Caveats
  • Supply blocks, unpowered buildings, or Contaminate may cause inaccurate times.
  • Supply counts are checked every 10 seconds.